 Dungeon Crawl Stone Soup version 0.24.1-4-ge52af88ad5 (webtiles) character file.

Game seed: 6046686302974947986, levelgen mode: deterministic

88 lepoulpe303 the Shield-Bearer (level 4, -1/37 HPs)
             Began as a Formicid Fighter on Apr 15, 2020.
             Slain by an adder (3 damage)
             ... on level 3 of the Dungeon.
             The game lasted 00:05:33 (1483 turns).

lepoulpe303 the Shield-Bearer (Formicid Fighter)    Turns: 1483, Time: 00:05:33

Health: -1/37      AC:  8    Str: 22    XL:     4   Next: 81%
Magic:  4/4        EV:  8    Int:  7    God:
Gold:   115        SH:  9    Dex: 10    Spells: 3/3 levels left

rFire    . . .     SeeInvis +   a - +0 war axe
rCold    . . .     Gourm    .   c - +0 shield
rNeg     . . .     Faith    .   b - +0 scale mail
rPois    .         Spirit   .   (helmet unavailable)
rElec    .         Reflect  .   q - +0 cloak
rCorr    .         Harm     .   (no gloves)
MR       .....                  (no boots)
Stlth    ..........             (no amulet)
HPRegen  0.12/turn              (no ring)
MPRegen  0.09/turn              (no ring)

@: lethally poisoned (-1 -> -14)
A: permanent stasis, dig shafts and tunnels, four strong arms, antennae 3
a: Dig, Shaft Self


You were on level 3 of the Dungeon.
You were not hungry.

You visited 1 branch of the dungeon, and saw 3 of its levels.

You collected 115 gold pieces.

Inventory:

Hand Weapons
 a - a +0 war axe (weapon)
Armour
 b - a +0 scale mail (worn)
 c - a +0 shield (worn)
 q - a +0 cloak (worn)
Wands
 g - a wand of iceblast (9)
Scrolls
 f - a scroll of noise {unknown}
 h - a scroll of amnesia {unknown}
 i - a scroll of fog {unknown}
 j - 2 scrolls of teleportation {unknown}
 l - a scroll of random uselessness {unknown}
 n - a scroll of magic mapping {unknown}
 p - 2 scrolls of identify {unknown}
 r - a scroll of fear {unknown}
 w - 3 scrolls of remove curse
Potions
 d - a potion of might
 k - a potion of magic {unknown}
 m - a potion of brilliance {unknown}
 s - a potion of degeneration {unknown}
Comestibles
 e - 10 rations


   Skills:
 + Level 3.9 Fighting
 * Level 3.2 Axes
 + Level 3.9 Armour
 + Level 4.2 Shields


You had 3 spell levels left.
You didn't know any spells.
Your spell library was empty.

Dungeon Overview and Level Annotations

Branches:
Dungeon (3/15)

Altars:


Innate Abilities, Weirdness & Mutations

You cannot be hasted, slowed, berserked, paralysed or teleported.
You can dig through walls and to a lower floor.
Your four strong arms can wield two-handed weapons with a shield.
You have a pair of large antennae on your head. (SInv)


Message History

* * * LOW HITPOINT WARNING * * *
You feel sick. The adder bites you.
* * * LOW HITPOINT WARNING * * *
You block the adder's attack.
You take 3 damage, and have 8/37 hp.
Your scale mail prevents you from hitting the adder.
* * * LOW HITPOINT WARNING * * *
You feel sick. The adder bites you but does no damage.
You miss the adder.
* * * LOW HITPOINT WARNING * * *
You feel sick. You block the adder's attack. The adder bites you.
* * * LOW HITPOINT WARNING * * *
You are more poisoned.
The adder poisons you!
You take 5 damage, and have 3/37 hp.
It was a potion of berserk rage.
Your stasis prevents you from going berserk.
* * * LOW HITPOINT WARNING * * *
You feel sick. The adder bites you.
You die...

[..#...##.......)#.#
......>#.....###.#.#
##.###.##..........#
##.# #.##....###.###
.(.# #.##....# #.#
.... .##.#..# #.#
##... #.#..###.####
##.#. #.#.........#
##.#. ..#..###@.#.#
#.#.# ###..###†S# #
..........#
###.......#
#..##..## .... #...
... ...## .# ....
.....


You could see an adder.

Levels and vault maps discovered:
D:1:      wheals_arrival_shading, layout_loops_ring
D:2:      layout_rooms, uniq_robin
D:3:      layout_basic, uniq_jessica

Notes
Turn   | Place    | Note
-------+----------+-------------------------------------------
     0 | D:1      | lepoulpe303 the Formicid Fighter began the quest for the
                  | Orb.
     0 | D:1      | Reached XP level 1. HP: 18/18 MP: 1/1
    32 | D:1      | Identified a +0 dagger
    38 | D:1      | Identified a +0 short sword
    49 | D:1      | lepoulpe303: !whichgoid fofi
    49 | D:1      | lepoulpe303: !whichgod fofi
    49 | D:1      | meem: 436 recent wins for fofi: 118x Okawaru, 100x The
                  | Shining One, 47x Gozag, 34x Zin, 29x Qazlal, 18x
                  | Cheibriados, 14x Ru, 13x Uskayaw, 9x Nemelex Xobeh, 9x
                  | Makhleb, 9x Wu Jian, 8x Hepliaklqana, 6x Fedhas, 5x
                  | Yredelemnul, 3x Lugonu, 2x Dithmenos, 2x Ashenzari, 2x, 2x
                  | Kikubaaqudgha, 2x Elyvilon, Trog, Sif Muna, Vehumet, Jiyva
    70 | D:1      | Reached XP level 2. HP: 24/24 MP: 2/2
   114 | D:1      | Identified a +0 dagger
   179 | D:1      | Reached XP level 3. HP: 28/29 MP: 3/3
   189 | D:1      | Identified a +0 club
   263 | D:1      | Identified a +0 dagger
   263 | D:1      | Identified a +0 club
   362 | D:1      | Identified a +0 club
   367 | D:1      | Reached skill level 4 in Shields
   618 | D:2      | Identified a +0 dagger
   697 | D:2      | Identified a cursed -3 club
   704 | D:2      | Identified a +0 whip
   704 | D:2      | Identified a +0 animal skin
   704 | D:2      | Identified a +0 helmet
   704 | D:2      | Noticed Robin
   704 | D:2      | Identified a +0 club
   704 | D:2      | Identified a +0 club
   704 | D:2      | Identified a +0 club
   705 | D:2      | Identified a cursed -3 club
   705 | D:2      | Identified a +0 club
   705 | D:2      | Identified a +0 hunting sling
   705 | D:2      | Identified a +0 club
   706 | D:2      | Identified a +0 club
   723 | D:2      | Reached XP level 4. HP: 15/37 MP: 4/4
   727 | D:2      | Reached skill level 3 in Axes
   729 | D:2      | HP: 7/37 [Robin/+0 whip (4)]
   733 | D:1      | Killed Robin
  1335 | D:2      | Identified a +0 cloak (You found it on level 2 of the
                  | Dungeon)
  1401 | D:3      | Identified 4 scrolls of remove curse
  1412 | D:3      | Identified a +2 buckler (You found it on level 3 of the
                  | Dungeon)
  1422 | D:3      | Identified a +0 shield
  1458 | D:3      | Identified a +0 hand axe (You found it on level 3 of the
                  | Dungeon)
  1459 | D:3      | Identified a +0 war axe
  1480 | D:3      | HP: 9/37 [poisoned by an adder]
  1482 | D:3      | HP: 3/37 [adder (4)]
  1483 | D:3      | Identified a potion of berserk rage
  1483 | D:3      | Slain by an adder

Table legend:
 A = Turns spent in this place as a percentage of turns spent in the entire game.
 B = Non-inter-level travel turns spent in this place as a percentage of non-inter-level travel turns spent in the entire game.
 C = Inter-level travel turns spent in this place as a percentage of turns spent in this place.
 D = Turns resting spent in this place as a percentage of non-inter-level travel turns spent in this place.
 E = Turns spent auto-exploring this place as a percentage of non-inter-level travel turns spent in this place.
 F = Non-inter-level travel turns spent in this place divided by the number of levels of this place that you've seen.
                   A       B       C       D       E      F
               +-------+-------+-------+-------+-------+----------------------
         Total | 100.0 | 100.0 |   7.4 |  17.5 |  57.9 | 457.7
       Dungeon | 100.0 | 100.0 |   7.4 |  17.5 |  57.9 | 457.7
               +-------+-------+-------+-------+-------+----------------------

Table legend:
 A = Kills in this place as a percentage of kills in entire the game.
 B = Kills by you in this place as a percentage of kills by you in the entire game.
 C = Kills by friends in this place as a percentage of kills by friends in the entire game.
 D = Other kills in this place as a percentage of other kills in the entire game.
 E = Experience gained in this place as a percentage of experience gained in the entire game.
 F = Experience gained in this place divided by the number of levels of this place that you have seen.
                   A       B       C       D       E      F
               +-------+-------+-------+-------+-------+----------------------
         Total | 100.0 | 100.0 |   N/A |   N/A | 100.0 |  42.0
       Dungeon | 100.0 | 100.0 |   N/A |   N/A | 100.0 |  42.0
               +-------+-------+-------+-------+-------+----------------------

Skill      XL: |  1  2  3  4 |
---------------+-------------+-----
Shields        | 4 |  4.2
Axes           | 3 |  3.2
Fighting       | |  3.9
Armour         | |  3.9

Action                   |  1- 3 |  4- 6 || total
-------------------------+-------+-------++-------
Melee: War axe           |    93 |    58 ||   151
  Use: Scroll            |       |     1 ||     1
       Potion            |       |     1 ||     1
  Eat: Chunk             |       |     2 ||     2
Armor: Scale mail        |    58 |    25 ||    83
Dodge: Dodged            |    47 |    10 ||    57
Block: Shield            |    72 |    26 ||    98

Vanquished Creatures
  Robin (D:1)
  An ooze (D:1)
  3 worms
  2 dart slugs
  A leopard gecko (D:1)
  7 bats
  2 giant cockroaches
  11 goblins
  6 hobgoblins
  3 jackals (D:2)
  8 kobolds
  5 frilled lizards
  7 rats
57 creatures vanquished.
